Map: Ultralove

Players

ponds

  • Race: Terran Terran
  • League: Master
  • Spawn Location: 1:00

A.I. 1 (Very Easy) - Winner!

  • Race: Protoss Protoss
  • Spawn Location: 7:00

VOD

Have the link to the VOD?

Description

Time

  • Played on: June 4, 2025, 12:42 p.m.
  • Length: 7:31
Show
View Real Time Build Order
Export as new Build Order

ponds Terran 

Build Orders:  

Get SALT Encoding   

  12  0:00  SCV  
  13  0:12  SCV  
  14  0:16  Supply Depot  
  14  0:24  SCV  
  15  0:38  SCV  
  15  0:39  Barracks  
  15  0:42  Refinery  
  16  0:50  SCV  
  17  1:02  SCV  
  18  1:14  SCV  
  19  1:26  Orbital Command  
  19  1:27  Marine  
  20  1:36  Command Center  
  20  1:43  Supply Depot  
  20  1:46  Barracks Reactor  
  20  1:52  SCV  
  21  1:58  Barracks  
  21  2:04  SCV  
  22  2:13  Bunker  
  22  2:16  SCV  
  22  2:18  Barracks  
  23  2:23  Marine x2  
  23  2:28  SCV  
  26  2:40  SCV  
  26  2:41  Marine x2  
  29  2:45  Barracks Tech Lab  
  29  2:47  Orbital Command  
  29  2:53  SCV  
  30  3:00  Marine x2  
  33  3:05  SCV  
  33  3:07  Stimpack, Marine  
  33  3:08  Barracks Tech Lab  
  33  3:12  Supply Depot  
  34  3:13  SCV  
  34  3:18  SCV  
  34  3:19  Supply Depot  
  36  3:20  Marine x2  
  36  3:25  Marine  
  36  3:26  SCV  
  36  3:27  Marine  
  40  3:28  Combat Shield  
  40  3:31  SCV  
  42  3:38  SCV  
  42  3:39  Marine x2  
  45  3:43  SCV, Marine  
  45  3:45  Marine  
  48  3:52  SCV, Supply Depot  
  48  3:55  SCV  
  50  3:56  Marine  
  50  3:57  Marine  
  50  4:01  Marauder  
  54  4:04  SCV, Marauder  
  54  4:07  SCV  
  58  4:14  Marine x2  
  58  4:16  SCV  
  61  4:18  Supply Depot  
  61  4:19  SCV  
  61  4:22  Command Center  
  61  4:23  Marine  
  63  4:24  Marine  
  63  4:30  SCV  
  65  4:35  SCV, Refinery  
  65  4:36  Refinery  
  65  4:37  Refinery  
  66  4:42  SCV  
  66  4:44  Factory  
  67  4:47  SCV  
  67  4:50  Engineering Bay  
  67  4:51  Engineering Bay  
  68  4:55  SCV  
  68  4:59  SCV  
  70  5:03  Marine x4  
  70  5:04  Concussive Shells  
  74  5:08  SCV  
  74  5:12  SCV  
  76  5:19  Terran Infantry Weapons Level 1, Terran Infantry Armor Level 1, Supply Depot  
  76  5:20  SCV  
  77  5:24  SCV  
  77  5:25  Supply Depot  
  78  5:28  Factory Reactor  
  78  5:30  Starport  
  78  5:33  SCV, Marine x3  
  78  5:34  Marine  
  83  5:36  SCV  
  83  5:38  Orbital Command  
  84  5:45  SCV  
  84  5:47  Supply Depot  
  84  5:48  SCV  
  86  5:51  Marauder, Marine x2  
  86  5:52  Marauder  
  92  6:04  SCV x2  
  92  6:06  Barracks  
  92  6:07  Barracks, Orbital Command  
  94  6:14  Factory Reactor  
  94  6:17  SCV x2  
  94  6:18  Marine x2, Armory  
  96  6:19  Marauder x2  
  96  6:23  Medivac x2  
  106  6:29  SCV, Supply Depot  
  106  6:30  Supply Depot  
  107  6:37  SCV x2  
  107  6:39  Marine x2  
  110  6:40  Marauder  
  110  6:41  SCV, Marauder  
  116  6:49  SCV  
  116  6:53  Medivac x2, Supply Depot  
  121  6:54  Supply Depot  
  121  6:55  SCV  
  121  6:56  SCV  
  123  7:01  SCV  
  123  7:02  Barracks Tech Lab, Barracks Reactor  
  123  7:07  SCV  
  123  7:08  SCV  
  126  7:13  SCV  
  126  7:14  Refinery  
  127  7:22  Refinery  
  135  7:23  Supply Depot  
  135  7:24  Supply Depot  
Show
View Real Time Build Order
Export as new Build Order

A.I. 1 (Very Easy) Protoss - Winner!

Build Orders: 1 Gate Expand, Nexus First 

Get SALT Encoding   

  12  0:00  Probe  
  13  0:13  Probe  
  14  0:19  Pylon  
  14  0:42  Gateway  
  14  1:00  Nexus  
  14  1:19  Pylon  
  14  1:21  Zealot  
  14  1:22  Assimilator  
  16  1:36  Cybernetics Core  
  16  1:38  Probe  
  17  1:50  Probe  
  18  2:00  Assimilator, Probe  
  18  2:04  Stalker  
  19  2:08  Probe  
  19  2:14  Warp Gate  
  22  2:17  Probe  
  23  2:23  Probe  
  24  2:31  Probe  
  25  2:39  Probe  
  26  2:50  Probe  
  27  2:52  Assimilator  
  27  2:56  Pylon  
  27  2:58  Probe  
  28  3:05  Probe  
  29  3:11  Robotics Facility  
  29  3:12  Probe  
  30  3:17  Probe  
  31  3:26  Zealot  
  34  3:27  Probe  
  34  3:30  Probe  
  36  3:41  Probe  
  37  3:48  Probe  
  38  3:55  Probe  
  38  3:57  Observer  
  40  4:02  Probe  
  40  4:07  Probe  
  41  4:14  Probe  
  41  4:15  Observer, Assimilator  
  42  4:20  Probe  
  43  4:27  Probe  
  44  4:35  Pylon  
  45  4:39  Probe  
  45  4:40  Sentry  
  48  4:46  Probe  
  49  4:53  Probe  
Tags
 
Add a new tag
Caveats
  • Supply blocks, unpowered buildings, or Contaminate may cause inaccurate times.
  • Supply counts are checked every 10 seconds.